 Dungeon Crawl Stone Soup version 0.31.0-11-ge490571c62 (webtiles) character file.

Game seed: 5424081975822848452

37 Arctor the Firebug (level 3, 0/19 HPs)
             Began as a Deep Elf Fire Elementalist on Feb 1, 2024.
             Slain by a goblin
             ... wielding a +0 club
             ... led by Robin
              (4 damage)
             ... on level 3 of the Dungeon.
             The game lasted 00:01:18 (1744 turns).

Arctor the Firebug (Deep Elf Fire Elementalist)     Turns: 1744, Time: 00:01:19

Health: 0/19       AC:  7    Str:  5    XL:     3   Next: 23%
Magic:  1/10       EV: 13    Int: 21    God:
Gold:   86         SH:  0    Dex: 15    Spells: 8/9 levels left

rFire   . . .        o - +0 dagger
rCold   . . .        (no shield)
rNeg    . . .        a - +0 robe
rPois   .            m - +0 helmet
rElec   .            (no cloak)
rCorr   .            (no gloves)
SInv    .            (no boots)
Will    .....        (no amulet)
Stlth   ++           f - +4 ring of protection
HPRegen 0.23/turn    (no ring)
MPRegen 0.12/turn

%: no passive effects
@: no status effects
A: no striking features
a: no special abilities


You were on level 3 of the Dungeon.
You visited 1 branch of the dungeon, and saw 3 of its levels.

You collected 86 gold pieces.

Inventory:

Hand Weapons
 o - a +0 dagger (weapon)
Armour
 a - a +0 robe (worn)
 m - a +0 helmet (worn)
Jewellery
 f - a +4 ring of protection (left hand)
Scrolls
 e - a scroll of poison {unknown}
 g - a scroll of teleportation {unknown}
 k - a scroll of identify {unknown}
 l - a scroll of fear {unknown}
 n - a scroll of torment {unknown}
Potions
 b - a potion of magic
 c - a potion of mutation {unknown}
 d - a potion of degeneration {unknown}
 h - a potion of curing {unknown}
 i - a potion of haste {unknown}
 j - a potion of brilliance {unknown}


   Skills:
 + Level 3.0 Dodging
 + Level 3.0 Stealth
 + Level 3.5 Spellcasting
 + Level 1.8 Conjurations
 + Level 3.6 Fire Magic


You had 8 spell levels left.
You knew the following spells:

 Your Spells              Type           Power      Damage    Failure   Level
a - Foxfire               Conj/Fire      60%        2x1d7     4%          1

Your spell library contained the following spells:

 Spells                   Type           Power      Damage    Failure   Level
 Scorch                   Fire           38%        2d6       4%          2
 Inner Flame              Hex/Fire       11%        N/A       19%         3
 Volatile Blastmotes      Fire/Tloc      22%        2d11      19%         3
 Flame Wave               Conj/Fire      15%        2d7       38%         4
 Leda's Liquefaction      Alch/Erth      1%         N/A       77%         4
 Lee's Rapid Deconstruct  Erth           1%         3d4*      98%         5
 Bombard                  Conj/Erth      3%         9d1       100%        6


Dungeon Overview and Level Annotations

Branches:
Dungeon (3/15)

Altars:

Annotations:
D:3 Robin


Message History

Robin hits you but does no damage.
The goblin shouts! x2
You hit Robin but do no damage.
Robin is heavily wounded.
Robin hits you but does no damage.
You hit Robin but do no damage.
Robin is heavily wounded.
Robin barely misses you.
You hit Robin but do no damage.
Robin is heavily wounded.
Robin throws the goblin at you!
You hit Robin but do no damage.
Robin is heavily wounded.
The goblin hits you but does no damage. Robin throws the goblin at you!
Casting: Foxfire (safe; 4% risk of failure)
Confirm with . or Enter, or press ? or * to list all spells.
You conjure some foxfire!
The goblin hits you with a +0 club. x2
Robin closely misses you.
Unknown command.
Unknown command.
Your foxfire dissipates!
The goblin hits you with a +0 club. The goblin barely misses you.
Robin throws the goblin at you!
Things that are here:
a +0 dagger; a +0 dagger; a goblin corpse You hit the goblin.
The goblin is moderately wounded.
The goblin barely misses you. The goblin hits you but does no damage.
The goblin misses you.
You closely miss the goblin.
The goblin is moderately wounded.
The goblin closely misses you. The goblin hits you but does no damage.
The goblin hits you with a +0 club.
* * * LOW HITPOINT WARNING * * *
Robin hits you but does no damage.
You closely miss the goblin. The goblin barely misses you.
The goblin hits you but does no damage. x2
You closely miss the goblin. The goblin closely misses you.
The goblin hits you with a +0 club.
You die...

#.######
#.##.. #.##.#
. #.##.# .. #
##.##.# ...
##.# #...#.#
....
....#.#.#..#
....
#..##g##.##).#
#...g@g†..)..#
#.$##g##.###.#
.... #.#.)#
#.#. ......
#<. ##.#####
## #.# #!# ..#


You could see Robin and 3 goblins.

Vanquished Creatures
  A ribbon worm (D:2)
  3 endoplasms
  A giant cockroach (D:2)
  4 hobgoblins
  4 ball pythons
  A bat (D:3)
  2 frilled lizards
  9 goblins
  6 kobolds
  2 rats
33 creatures vanquished.

Vanquished Creatures (collateral kills)
  3 foxfires (D:1)
3 creatures vanquished.

Vanquished Creatures (others)
  157 foxfires
157 creatures vanquished.

Grand Total: 193 creatures vanquished

Notes
Turn   | Place    | Note
-------+----------+-------------------------------------------
     0 | D:1      | Arctor the Deep Elf Fire Elementalist began the quest for
                  | the Orb.
     0 | D:1      | Reached XP level 1. HP: 10/10 MP: 6/6
   579 | D:2      | Reached XP level 2. HP: 9/15 MP: 2/8
  1707 | D:3      | Reached XP level 3. HP: 19/19 MP: 6/9
  1726 | D:3      | Noticed Robin
  1744 | D:3      | Slain by a goblin

Illustrated notes

Levels and vault maps discovered:
D:1:      lemuel_arrival_hallway, layout_rooms, hex_tiny, serial_bayou_lagoon_a
D:2:      layout_basic, serial_park_tiny_pond
D:3:      layout_loops_ring, bloody_makhleb, uniq_robin

Skill      XL: |  1  2  3 |
---------------+----------+-----
Stealth        | 3 |  3.0
Dodging        | 3 |  3.0
Spellcasting   | |  3.5
Conjurations   | |  1.8
Fire Magic     | |  3.6

Action                     || total
---------------------------++-------
  Melee: Unarmed           ||    41
         Dagger            ||     9
   Cast: Foxfire           ||   111
 Armour: Robe              ||    43
  Dodge: Dodged            ||    49
